cohdb
Replays
Latest Replays
All Replays
Popular Replays
Top Player Replays
Match Explorer
How It Works
Community
CoH3 Stats
Reddit
Sign in to upload your games and track your stats! →
Sign in with Steam
Match 43109184
Unlisted
Match 43109184
Overview
Messages
Build Orders
End
Panzerpioneer Squad
Selects Italian Infantry
Selects Italian Infantry
250 Light Carrier
Panzerpioneer Squad
Panzerpioneer Squad
Construct Light Support Kompanie
Selects Defensive Operations
Construct Mechanized Kompanie
254 Reconnaissance Tractor
Panzerjäger Mechanized Group
Support Armor Elements
Selects Guastatori Squad
Selects Registered Artillery
Guastatori Squad
StuG III D Assault Gun
Marder III Tank Destroyer
Guastatori Squad
LeVisir
Krötentöten
Dark Angels
FriendlyBacon
豪师傅
《第二十一条军规》
listen
Cisne
0
0
Comments
sign in to comment!
No comments posted yet!